 Dungeon Crawl Stone Soup version 0.27.1-4-g1640c2035a (webtiles) character file.

Game seed: 1056690608304869350

1771 horus123 the Skirmisher (level 9, -2/73 HPs)
             Began as a Gnoll Wanderer on Nov 1, 2021.
             Was a Priest of Fedhas.
             Slain by a manticore (3 damage)
             ... on level 6 of the Dungeon.
             The game lasted 00:14:10 (6666 turns).

horus123 the Skirmisher (Gnoll Wanderer)            Turns: 6666, Time: 00:14:10

Health: -2/73      AC:  5    Str: 19    XL:     9   Next: 7%
Magic:  14/14      EV: 13    Int: 15    God:    Fedhas [***...]
Gold:   212        SH:  0    Dex: 16    Spells: 12/15 levels left

rFire    . . .     SeeInvis .   t - +0 halberd
rCold    . . .     Faith    .   (shield currently unavailable)
rNeg     . . .     Spirit   .   d - +2 robe
rPois    .         Reflect  .   (no helmet)
rElec    .         Harm     .   m - +0 cloak
rCorr    .         Rampage  .   (no gloves)
Will     .....                  (no boots)
Stlth    +++.......             (no amulet)
HPRegen  0.22/turn              g - +6 ring of strength
MPRegen  0.14/turn              v - +6 ring of dexterity

@: spiked
A: fangs 1, strong nose, distributed training
a: Renounce Religion, Wall of Briars, Grow Ballistomycete


You were on level 6 of the Dungeon.
You worshipped Fedhas.
Fedhas was most pleased with you.
You visited 1 branch of the dungeon, and saw 6 of its levels.

You collected 212 gold pieces.

Inventory:

Hand Weapons
 a - a +2 spear of flaming
 b - a +0 shortbow
 f - a +0 arbalest
 n - a +3 quarterstaff of chaos
 t - a +0 halberd (weapon)
Missiles
 o - 2 javelins (quivered)
 s - 83 arrows
 u - a curare-tipped dart
Armour
 d - a +2 robe (worn)
 i - a +1 plate armour
 m - a +0 cloak (worn)
Magical Staves
 l - a staff of poison
Jewellery
 g - a +6 ring of strength (left hand)
 v - a +6 ring of dexterity (right hand)
 w - a +4 ring of protection
Wands
 h - a wand of polymorph (11)
 r - a wand of digging (2)
Scrolls
 c - a scroll of teleportation
 k - 2 scrolls of identify
 q - a scroll of magic mapping
Potions
 e - 2 potions of brilliance
 j - 2 potions of lignification
 p - a potion of magic


   Skills:
 + Level 7.7 Fighting
 + Level 3.9 Short Blades
 + Level 3.9 Long Blades
 + Level 3.9 Axes
 + Level 3.9 Maces & Flails
 + Level 6.1 Polearms
 + Level 3.9 Staves
 + Level 3.9 Slings
 + Level 4.7 Bows
 + Level 3.9 Crossbows
 + Level 4.7 Throwing
 + Level 4.7 Armour
 + Level 3.9 Dodging
 + Level 4.6 Stealth
 + Level 3.9 Shields
 + Level 3.9 Unarmed Combat
 + Level 3.9 Spellcasting
 + Level 3.2 Conjurations
 + Level 3.2 Hexes
 + Level 3.2 Summonings
 + Level 3.2 Necromancy
 + Level 3.2 Translocations
 + Level 3.2 Transmutations
 + Level 3.2 Fire Magic
 + Level 3.2 Ice Magic
 + Level 3.2 Air Magic
 + Level 3.2 Earth Magic
 + Level 3.2 Poison Magic
 + Level 4.2 Invocations
 + Level 4.7 Evocations


You had 12 spell levels left.
You knew the following spells:

 Your Spells              Type           Power      Damage    Failure   Level
a - Tukima's Dance        Hex            12%        N/A       14%         3

Your spell library contained the following spells:

 Spells                   Type           Power      Damage    Failure   Level
 Gell's Gravitas          Tloc           6%         N/A       14%         3
 Lesser Beckoning         Tloc           6%         N/A       14%         3
 Teleport Other           Tloc           12%        N/A       14%         3
 Passage of Golubria      Tloc           N/A        N/A       43%         4
 Yara's Violent Unravell  Hex/Tmut       6%         3d5       80%         5


Dungeon Overview and Level Annotations

Branches:
Dungeon (6/15)             Temple (0/1) D:6

Altars:
Fedhas
Okawaru

Shops:
D:5 [

Annotations:
D:6 1 transporter


Innate Abilities, Weirdness & Mutations

You have very sharp teeth.
Your uncanny sense of smell can sniff out nearby items.
Your experience applies equally to all skills.


Message History

The volley of spikes hits you.
The barbed spikes become lodged in your body.
The barbs in your skin will harm you if you move.
Continue? [Y]es or [N]o only, please.
The barbs in your skin will harm you if you move.
Continue?
Okay, then.
The manticore flicks its tail.
The volley of spikes hits you!!
The barbed spikes become lodged in your body.
You throw a javelin.
The javelin barely misses the manticore.
You slice the manticore!! Your bite misses the manticore.
The manticore is moderately wounded.
The manticore completely misses you. The manticore claws you!
The manticore closely misses you.
You barely miss the manticore. Your bite misses the manticore.
The manticore is moderately wounded.
The manticore closely misses you. x2; The manticore claws you!
The manticore bites you!
* * * LOW HITPOINT WARNING * * *
The manticore barely misses you. The manticore claws you.
* * * LOW HITPOINT WARNING * * *
Okay, then.
You are too injured to fight recklessly!
Throw: 3 javelins
Press: ? - help, Q - select action, (/) - cycle Shift-Dir - straight line, f/p - manticore
Aim: a manticore (moderately wounded, 75% to hit)
You throw a javelin.
The javelin pierces through the manticore!
The manticore is heavily wounded.
The manticore bites you!
* * * LOW HITPOINT WARNING * * *
The manticore closely misses you. The manticore claws you.
* * * LOW HITPOINT WARNING * * *
You hit the manticore but do no damage.
You bite the manticore, but do no damage.
The manticore is heavily wounded.
The manticore misses you. The manticore claws you.
You die...
Fedhas appreciates your contribution to the ecosystem.

####### ####
#.....###...
#...@H...(## #####
#...........####...##
#........##..##.....#
#......#.# #.#>......
#.....##.###.........
#.......†............
#.....##.###.##.....#
#.....##.# #.........
########.. ###.......


You could see a manticore.

Vanquished Creatures
  Eustachio (D:5)
  3 sky beasts
  3 black bears
  2 ogres (D:5)
  2 centaurs
  The ghost of styxcanada the Covert, an amateur SpBr (D:3)
  A kobold brigand (D:6)
  A scorpion (D:5)
  A centaur zombie (D:6)
  A bullfrog zombie (D:6)
  3 hounds (D:5)
  2 orc priests (D:5)
  Crazy Yiuf (D:2)
  Jessica (D:2)
  Natasha (thrice) (D:2)
  2 orc wizards
  3 gnolls (D:6)
  4 adders
  A shadow imp (D:4)
  An adder skeleton (D:4)
  13 orcs
  6 endoplasms
  6 giant cockroaches
  6 goblins
  8 hobgoblins
  7 kobolds
  5 quokkas
  8 ball pythons
  4 bats
  6 frilled lizards
  4 rats
110 creatures vanquished.

Vanquished Creatures (collateral kills)
  An orc wizard (D:5)
  A scorpion zombie (D:5)
2 creatures vanquished.

Grand Total: 112 creatures vanquished

Notes
Turn   | Place    | Note
-------+----------+-------------------------------------------
     0 | D:1      | horus123 the Gnoll Wanderer began the quest for the Orb.
     0 | D:1      | horus123 set off with the following items: a +2 spear, a
                  | potion of curing, a scroll of teleportation, a +0 robe
     0 | D:1      | Reached XP level 1. HP: 23/23 MP: 1/1
   298 | D:1      | Reached XP level 2. HP: 29/29 MP: 2/2
   643 | D:1      | Found a faded altar of an unknown god.
   746 | D:1      | Became a worshipper of Fedhas Madash
   746 | D:1      | Reached * piety under Fedhas
   927 | D:2      | Reached XP level 3. HP: 35/35 MP: 3/3
  1004 | D:2      | Found a runed translucent door.
  1005 | D:2      | Noticed Crazy Yiuf
  1056 | D:2      | Reached skill level 1 in Invocations
  1154 | D:2      | Found an iron altar of Okawaru.
  1190 | D:2      | Noticed Jessica
  1201 | D:2      | Killed Jessica
  1202 | D:2      | Reached skill level 1 in Short Blades
  1202 | D:2      | Reached skill level 1 in Long Blades
  1202 | D:2      | Reached skill level 1 in Axes
  1202 | D:2      | Reached skill level 1 in Maces & Flails
  1202 | D:2      | Reached skill level 1 in Staves
  1202 | D:2      | Reached skill level 1 in Slings
  1202 | D:2      | Reached skill level 1 in Crossbows
  1202 | D:2      | Reached skill level 1 in Dodging
  1202 | D:2      | Reached skill level 1 in Shields
  1202 | D:2      | Reached skill level 1 in Unarmed Combat
  1202 | D:2      | Reached skill level 1 in Spellcasting
  1202 | D:2      | Reached XP level 4. HP: 32/41 MP: 5/5
  1318 | D:2      | Noticed Natasha
  1335 | D:2      | Killed Natasha
  1336 | D:2      | Reached skill level 1 in Conjurations
  1336 | D:2      | Reached skill level 1 in Hexes
  1336 | D:2      | Reached skill level 1 in Summonings
  1336 | D:2      | Reached skill level 1 in Necromancy
  1336 | D:2      | Reached skill level 1 in Translocations
  1336 | D:2      | Reached skill level 1 in Transmutations
  1336 | D:2      | Reached skill level 1 in Fire Magic
  1336 | D:2      | Reached skill level 1 in Ice Magic
  1336 | D:2      | Reached skill level 1 in Air Magic
  1336 | D:2      | Reached skill level 1 in Earth Magic
  1336 | D:2      | Reached skill level 1 in Poison Magic
  1343 | D:2      | Noticed Natasha
  1359 | D:2      | Killed Natasha
  1360 | D:2      | Reached XP level 5. HP: 35/47 MP: 5/7
  1364 | D:2      | Learned a level 3 spell: Tukima's Dance
  1499 | D:2      | Noticed Natasha
  1511 | D:2      | Killed Natasha
  1716 | D:2      | Killed Crazy Yiuf
  1998 | D:3      | Reached ** piety under Fedhas
  2571 | D:3      | Reached XP level 6. HP: 31/53 MP: 8/8
  2836 | D:3      | Found a runed translucent door.
  2840 | D:3      | Noticed styxcanada's ghost (amateur SpBr)
  2854 | D:3      | Killed styxcanada's ghost
  2855 | D:3      | Reached skill level 5 in Polearms
  3254 | D:4      | Noticed a sky beast
  3271 | D:4      | Killed a sky beast
  3645 | D:4      | Reached XP level 7. HP: 59/59 MP: 10/10
  3824 | D:4      | Reached skill level 7 in Fighting
  4393 | D:5      | Entered Level 5 of the Dungeon
  4403 | D:5      | Found Rizigy's Antique Armour Emporium.
  4933 | D:5      | Noticed Eustachio
  4951 | D:5      | Killed Eustachio
  4952 | D:5      | Reached XP level 8. HP: 27/67 MP: 12/12
  6026 | D:6      | Reached *** piety under Fedhas
  6324 | D:6      | Found a transporter.
  6347 | D:6      | Found a staircase to the Ecumenical Temple.
  6356 | D:6      | Reached XP level 9. HP: 72/72 MP: 14/14
  6656 | D:6      | Noticed a manticore
  6665 | D:6      | HP: 1/73 [manticore (5)]
  6666 | D:6      | Slain by a manticore

Illustrated notes

Levels and vault maps discovered:
D:1:      eino_arrival_water_cross, layout_basic,
          hellmonk_ecumenical_altar_inner_sanctum
D:2:      layout_basic, basic_altar, uniq_crazy_yiuf_cottage, uniq_jessica,
          uniq_natasha
D:3:      layout_basic, ebering_ghost_reflecting_pool
D:4:      layout_layer_cave, corexii_shack, kennysheep_generic_room_16
D:5:      layout_basic, serial_shops, nicolae_shop_waterfront, uniq_eustachio
D:6:      gammafunk_cloud_chamber, layout_rooms, nicolae_tso_carved_into_rock,
          minmay_temple_entry_arrows, st_stairs_8

Skill      XL: |  1  2  3  4  5  6  7  8 |
---------------+-------------------------+-----
Invocations    | 1 2 3 4 |  4.2
Short Blades   | 1 2 3 |  3.9
Long Blades    | 1 2 3 |  3.9
Axes           | 1 2 3 |  3.9
Maces & Flails | 1 2 3 |  3.9
Staves         | 1 2 3 |  3.9
Slings         | 1 2 3 |  3.9
Crossbows      | 1 2 3 |  3.9
Dodging        | 1 2 3 |  3.9
Shields        | 1 2 3 |  3.9
Unarmed Combat | 1 2 3 |  3.9
Spellcasting   | 1 2 3 |  3.9
Conjurations   | 1 2 3 |  3.2
Hexes          | 1 2 3 |  3.2
Summonings     | 1 2 3 |  3.2
Necromancy     | 1 2 3 |  3.2
Translocations | 1 2 3 |  3.2
Transmutations | 1 2 3 |  3.2
Fire Magic     | 1 2 3 |  3.2
Ice Magic      | 1 2 3 |  3.2
Air Magic      | 1 2 3 |  3.2
Earth Magic    | 1 2 3 |  3.2
Poison Magic   | 1 2 3 |  3.2
Bows           | 3 4 |  4.7
Throwing       | 3 4 |  4.7
Armour         | 3 4 |  4.7
Evocations     | 3 4 |  4.7
Polearms       | 5 6 |  6.1
Stealth        | 3 4 |  4.6
Fighting       | 7 |  7.7

Action                   |  1- 3 |  4- 6 |  7- 9 || total
-------------------------+-------+-------+-------++-------
Melee: Spear             |   118 |   142 |   137 ||   397
       Bite              |     2 |    10 |    17 ||    29
       Unarmed           |       |     3 |       ||     3
       Punch             |       |     1 |       ||     1
       Halberd           |       |       |    29 ||    29
Throw: Javelin           |       |     5 |    22 ||    27
Invok: Wall of Briars    |       |       |     2 ||     2
  Use: Scroll            |     7 |     2 |     3 ||    12
       Potion            |       |     1 |     5 ||     6
 Stab: Sleeping          |     4 |     5 |     4 ||    13
       Confused          |       |     1 |       ||     1
Armor: Robe              |    12 |    14 |    59 ||    85
       Plate armour      |     8 |    20 |       ||    28
Dodge: Dodged            |    41 |    31 |   127 ||   199
